 Dungeon Crawl Stone Soup version 0.29-a0-11-ga75d3d97ab (webtiles) character file.

Game seed: 17004752667652383830

175 Hasart the Insei (level 5, -3/34 HPs)
             Began as an Octopode Transmuter on Jan 28, 2022.
             Slain by a river rat (4 damage)
             ... in a sewer.
             The game lasted 00:05:40 (3108 turns).

Hasart the Insei (Octopode Transmuter)              Turns: 3108, Time: 00:05:41

Health: -3/34      AC:  1    Str:  9    XL:     5   Next: 55%
Magic:  6/8        EV: 10    Int: 18    God:
Gold:   87         SH:  0    Dex: 12    Spells: 3/9 levels left

rFire   . . .      SeeInvis .     - Unarmed
rCold   . . .      Faith    .   (no shield)
rNeg    . . .      Spirit   .   (helmet currently unavailable)
rPois   .          Reflect  .   (no amulet)
rElec   .          Harm     .   (no ring)
rCorr   .          Rampage  .   (no ring)
Will    .....                   (no ring)
Stlth   +++.......              (no ring)
HPRegen 0.11/turn               (no ring)
MPRegen 0.11/turn               (no ring)
                                (no ring)
                                (no ring)

@: appendages, wereblooded, constricted
A: tentacle spike 3, almost no armour, amphibious, 8 rings, camouflage 1,
gelatinous body 1, nimble swimmer 1, tentacles
a: End Transformation


You were in a sewer.
One of your tentacles had grown a beastly spike.
You visited 1 branch of the dungeon, and saw 3 of its levels.
You also visited: Sewer.

You collected 126 gold pieces.
You spent 39 gold pieces at shops.

Inventory:

Scrolls
 a - 2 scrolls of identify {unknown}
 e - a scroll of noise {unknown}
 f - a scroll of immolation {unknown}
 g - a scroll of vulnerability {unknown}
 h - a scroll of magic mapping {unknown}
 j - a scroll of holy word {unknown}
Potions
 b - a potion of cancellation {unknown}
 c - a potion of haste {unknown}
 d - a potion of mutation {unknown}
 i - a potion of curing
 k - a potion of heal wounds {unknown}


   Skills:
 + Level 2.0 Fighting
 + Level 2.8 Dodging
 * Level 4.2 Unarmed Combat
 + Level 2.5 Spellcasting
 + Level 2.7 Transmutations
 + Level 1.7 Poison Magic


You had 3 spell levels left.
You knew the following spells:

 Your Spells              Type           Power      Damage    Failure   Level
a - Beastly Appendage     Tmut           24%        N/A       5%          1
b - Wereblood             Tmut           12%        N/A       9%          2
c - Spider Form           Tmut/Pois      10%        N/A       21%         3

Your spell library contained the following spells:

 Spells                   Type           Power      Damage    Failure   Level
 Ice Form                 Ice/Tmut       7%         N/A       67%         4


Dungeon Overview and Level Annotations

Branches:
Dungeon (3/15)              Sewer (1/1)

Altars:
Ru

Shops:
D:2 (?[!

Annotations:
D:2 1 runed translucent door, Crazy Yiuf


Innate Abilities, Weirdness & Mutations

One of your tentacles has grown a beastly spike.
You cannot wear most types of armour.
You are amphibious.
You can wear up to eight rings at the same time.
Your skin changes colour to match your surroundings (Stealth+).
Your rubbery body absorbs attacks. (AC +1, EV +1)
You are camouflaged when in or above water. (Stealth+)
You have tentacles for arms and can constrict up to eight enemies at once.


Message History

You constrict the river rat.
The ball python bites you but does no damage.
The ball python barely misses you. The ball python constricts you.
The river rat bites you. The ball python bites you. x2
The ball python completely misses you.
You barely miss the river rat.
You pierce the river rat, but do no damage.
The river rat is moderately wounded.
You constrict the river rat. The ball python closely misses you.
The ball python constricts you. The ball python closely misses you.
The river rat barely misses you. The ball python closely misses you.
The ball python bites you but does no damage.
The ball python's grasp on you weakens, but your attempt to escape fails.
You constrict the river rat, but do no damage.
The ball python bites you but does no damage.
The ball python constricts you.
* * * LOW HITPOINT WARNING * * *
The ball python closely misses you. The ball python bites you.
* * * LOW HITPOINT WARNING * * *
The river rat misses you. The ball python barely misses you.
The ball python bites you.
* * * LOW HITPOINT WARNING * * *
The ball python constricts you.
You barely miss the river rat.
The river rat is moderately wounded.
You constrict the river rat. The ball python barely misses you.
The ball python bites you.
* * * LOW HITPOINT WARNING * * *
The river rat misses you. The ball python closely misses you. x2
The ball python constricts you.
* * * LOW HITPOINT WARNING * * *
The ball python barely misses you.
Unknown command.
You tentacle-slap the river rat but do no damage.
The river rat is heavily wounded.
You constrict the river rat. The ball python closely misses you.
The ball python bites you.
* * * LOW HITPOINT WARNING * * *
The river rat bites you.
You die...

###......+ .........#
........# #..≈≈≈≈#######≈
####.≈≈≈≈≈≈≈≈≈≈≈≈
#≈≈≈≈J≈r≈≈≈≈≈≈≈≈≈
≈.≈≈≈≈≈≈≈≈≈≈≈≈≈SrS≈≈≈≈≈≈≈≈ #
≈≈≈≈≈≈≈≈≈≈≈≈≈≈≈S@S≈≈≈≈≈≈≈≈≈#
≈≈≈≈≈≈≈≈≈≈≈≈≈≈≈r≈≈≈≈≈≈≈≈≈≈≈#
.≈≈≈≈≈≈≈≈≈≈≈≈≈≈≈≈≈≈≈≈≈≈≈≈≈≈#
≈.≈≈≈≈≈≈≈≈≈≈≈≈≈≈≈≈#######≈≈#
.≈...≈≈.....≈≈≈≈≈≈#..#..#≈≈#
.............≈≈...#.....#≈≈#
.........†........')...##≈≈#
.....##...........#.....#≈≈#
....#####........##..#.)#≈≈#


You could see 3 river rats, an endoplasm and 4 ball pythons.

Vanquished Creatures
  A hound (D:3)
  A centaur skeleton (D:3)
  An orc wizard (D:3)
  2 river rats (Sewer)
  3 worms
  2 dart slugs
  2 orcs (D:3)
  2 endoplasms (D:2)
  6 giant cockroaches
  5 hobgoblins
  5 kobolds
  6 quokkas
  4 ball pythons
  8 bats
  2 frilled lizards (D:2)
  11 rats
61 creatures vanquished.

Vanquished Creatures (others)
  3 fungi (D:1)
3 creatures vanquished.

Grand Total: 64 creatures vanquished

Notes
Turn   | Place    | Note
-------+----------+-------------------------------------------
     0 | D:1      | Hasart the Octopode Transmuter began the quest for the Orb.
     0 | D:1      | Reached XP level 1. HP: 13/13 MP: 3/3
   484 | D:1      | Found a faded altar of an unknown god.
   524 | D:1      | Reached XP level 2. HP: 15/18 MP: 5/5
   587 | D:1      | Learned a level 2 spell: Wereblood
  1273 | D:2      | Reached XP level 3. HP: 11/23 MP: 6/6
  1450 | D:2      | Learned a level 3 spell: Spider Form
  1495 | D:2      | Found a runed translucent door.
  1496 | D:2      | Noticed Crazy Yiuf
  1614 | D:2      | Found Himori's Weapon Shop.
  1616 | D:2      | Found Kismog's Magic Scroll Shop.
  1737 | D:2      | Found Kobbac's Armour Boutique.
  2083 | D:2      | Found Eminnis's Distillery.
  2100 | D:2      | Bought a potion of curing for 39 gold pieces
  2374 | D:3      | Found a sacrificial altar of Ru.
  2651 | D:3      | Reached skill level 1 in Poison Magic
  2651 | D:3      | Reached XP level 4. HP: 28/28 MP: 3/7
  2659 | D:3      | Reached skill level 4 in Unarmed Combat
  2674 | D:3      | Reached XP level 5. HP: 25/34 MP: 5/8
  2912 | D:3      | Found a glowing drain.
  2923 | Sewer    | Entered a sewer
  2988 | Sewer    | Identified the +8 mace of the Dripping Whale {antimagic,
                  | Str+6}
  3108 | Sewer    | HP: 1/34 [ball python (3)]
  3108 | Sewer    | Slain by a river rat

Illustrated notes

Levels and vault maps discovered:
D:1:      minmay_arrival_diagonal_passages, layout_loops_cross,
          shapermc_ecumenical_altar_ellora, minmay_tromino_i2
D:2:      layout_basic, serial_shops, shop, nicolae_shop_stone,
          nicolae_shop_stone, shop_fountains, uniq_crazy_yiuf_cottage
D:3:      layout_loops_cross, lemuel_doored_altar, serial_shops, shop,
          portal_sewer_entry_b
Sewer:    sewer_minmay_treatment

Skill      XL: |  1  2  3  4  5 |
---------------+----------------+-----
Poison Magic   | 1 |  1.7
Unarmed Combat | 4 |  4.2
Fighting       | 2 |  2.0
Dodging        | |  2.8
Spellcasting   | |  2.5
Transmutations | |  2.7

Action                   |  1- 3 |  4- 6 || total
-------------------------+-------+-------++-------
Melee: Unarmed           |    90 |    51 ||   141
       Constrict         |    26 |    16 ||    42
       Tentacles         |    21 |     8 ||    29
       Kick              |     3 |    13 ||    16
       Punch             |     4 |     2 ||     6
 Cast: Beastly Appendage |     2 |     3 ||     5
       Wereblood         |     2 |     3 ||     5
 Stab: Sleeping          |    11 |     2 ||    13
Armor: Skin              |    13 |     7 ||    20
Dodge: Dodged            |    66 |    43 ||   109

Table legend: (Time is in decaauts)
 A = Elapsed time spent in this place.
 B = Non-inter-level travel time spent in this place.
 C = Inter-level travel time spent in this place.
 D = Time resting spent in this place.
 E = Time spent auto-exploring this place.
 F = Levels seen in this place.
 G = Mean time per level.
                   A        B        C        D        E       F      G
               +--------+--------+--------+--------+--------+-----+--------+
         Total |   3098 |   3013 |     85 |    163 |   2265 |   4 |  774.5 |
       Dungeon |   2915 |   2830 |     85 |    163 |   2133 |   3 |  971.7 |
         Sewer |    183 |    183 |      0 |      0 |    132 |   1 |  183.0 |
               +--------+--------+--------+--------+--------+-----+--------+

Top non-repeatable levels by time:
     D:2: 1309 daAuts
     D:1: 1258 daAuts
     D:3: 347 daAuts
   Sewer: 183 daAuts
